 Dungeon Crawl Stone Soup version 0.24.0-123-gd5b16e6ec5 (webtiles) character file.

Game seed: 8456456700994674601, levelgen mode: deterministic

156 FishyPogo the Skirmisher (level 5, -3/76 HPs)
             Began as a Draconian Wanderer on Dec 28, 2019.
             Slain by a killer bee (4 damage)
             ... on level 4 of the Dungeon.
             The game lasted 00:06:33 (2392 turns).

FishyPogo the Skirmisher (Draconian Wanderer)       Turns: 2392, Time: 00:06:34

Health: -3/76      AC: 22    Str: 13    XL:     5   Next: 15%
Magic:  6/6        EV:  2    Int: 16    God:
Gold:   100        SH:  0    Dex:  9    Spells: 6/6 levels left

rFire    . . .     SeeInvis .   a - +2 mace
rCold    . . .     Gourm    .   (no shield)
rNeg     + + +     Faith    .   (armour unavailable)
rPois    +         Spirit   .   (helmet currently unavailable)
rElec    .         Reflect  .   (cloak currently unavailable)
rCorr    .         Harm     .   (gloves currently unavailable)
MR       .....     NoTele   +   (boots currently unavailable)
Stlth    +.........             (no amulet)
HPRegen  0.22/turn              i - ring of positive energy
MPRegen  0.10/turn              k - +4 ring of evasion

@: tree-form, very slightly contaminated, hasted, invisible, very quick
A: unfitting armour, AC +5
a: no special abilities


You were on level 4 of the Dungeon.
You were hungry.
You were a tree.
You visited 1 branch of the dungeon, and saw 4 of its levels.

You collected 100 gold pieces.

Inventory:

Hand Weapons
 a - a +2 mace (weapon)
Missiles
 d - 160 stones
 g - 6 poisoned darts (quivered)
Armour
 f - a +0 shield
Jewellery
 i - a ring of positive energy (left branch)
 k - a +4 ring of evasion (right branch)
Scrolls
 e - a scroll of remove curse
 h - 3 scrolls of identify
 m - a scroll of immolation
Potions
 b - a potion of lignification
Comestibles
 c - 5 rations


   Skills:
 * Level 6.6 Fighting
 + Level 3.7 Maces & Flails
 - Level 1.0 Throwing
 + Level 1.8 Dodging
 + Level 1.2 Spellcasting
   Level 1.0 Evocations


You had 6 spell levels left.
You didn't know any spells.
Your spell library was empty.

Dungeon Overview and Level Annotations

Branches:
Dungeon (4/15)
 Temple: D:4-7

Altars:
Ru

Annotations:
D:2 Robin
D:4 Blork the orc


Innate Abilities, Weirdness & Mutations

((Your plain brown scales are hard. (AC +5)))
You cannot fit into any form of body armour.
((You are cold-blooded and may be slowed by cold attacks.))


Message History

The killer bee stings you.
* * * LOW HITPOINT WARNING * * *
The killer bee stings you but does no damage.
As you read the scroll labeled VOS SOCHOJ, it crumbles to dust.
You feel as if something is helping you.
It was a scroll of remove curse.
The killer bee barely misses you.
You fade into invisibility!
The killer bee misses you. x3; The killer bee barely misses you.
You are very lightly contaminated with residual magic.
As you read the scroll of fog, it crumbles to dust.
The scroll dissolves into smoke.
The killer bee completely misses you. x2
The killer bee barely misses you.
You barely miss the killer bee. The killer bee misses you.
The killer bee stings you.
* * * LOW HITPOINT WARNING * * *
Unknown command.
Really quaff the potion of lignification?
You turn into a tree.
Your roots penetrate the ground.
The killer bee stings you.
You die...

*,*,,,,,,,,,,,,,,,,**,*****
,,,,,,,,,,,,,,,,,,**,,,,,,*
,**,,,,,,,,,,,,,,,**..,..,*
,**,,,,,,,,,,,,,,,**#...,,*
***,,,,,,,,,,,,,,,,##..#***
,**,,,,,,,,,,,***,,,...,*
,,,,,,,,*,,,,,,,,,,,#.##*
**,,**,,,,,>,,,######..####
**,,*,,,,,,,*,#♣yy....#..##
**,**,,,,...#.#yy§..#<....#
**,,*,,,,,.....§§§##.....###
,,,,,,,,,,.o....###....###
,,,,,,,,,,......,*#...##
,,,,,,,,,,#.#(..**##.##
,,,,,,,,,*#*####* ###
**,,,,,,** ,,,,,,,,*


You could see 4 killer bees.

Vanquished Creatures
  An orc priest (D:4)
  A worker ant (D:3)
  A hound skeleton (D:4)
  2 adders
  An ooze (D:2)
  A worm (D:3)
  2 dart slugs (D:1)
  A leopard gecko (D:1)
  An orc (D:3)
  3 ball pythons
  4 bats
  3 giant cockroaches
  10 goblins
  6 hobgoblins
  5 jackals
  A quokka (D:2)
  3 frilled lizards
  7 kobolds
  9 rats
62 creatures vanquished.

Notes
Turn   | Place    | Note
-------+----------+-------------------------------------------
     0 | D:1      | FishyPogo the Draconian Wanderer began the quest for the
                  | Orb.
     0 | D:1      | FishyPogo set off with the following items: a +2 mace, 2
                  | potions of lignification, a ration
     0 | D:1      | Reached XP level 1. HP: 23/23 MP: 1/1
   229 | D:1      | Reached XP level 2. HP: 30/30 MP: 2/2
   654 | D:1      | Reached skill level 1 in Dodging
   703 | D:2      | Reached skill level 6 in Fighting
   703 | D:2      | Reached XP level 3. HP: 27/37 MP: 3/3
   827 | D:2      | Noticed Robin
  1030 | D:3      | Reached XP level 4. HP: 16/45 MP: 3/5
  1345 | D:3      | Found a sacrificial altar of Ru.
  1860 | D:3      | Reached skill level 1 in Spellcasting
  2285 | D:4      | Noticed Blork the orc
  2321 | D:4      | Reached XP level 5. HP: 36/51 MP: 6/6
  2391 | D:4      | HP: 1/51 [killer bee (6)]
  2392 | D:4      | Slain by a killer bee

Levels and vault maps discovered:
D:1:      giann_wishing_wells, layout_loops_corners, st_stairs_5,
          minmay_hexomino_u4
D:2:      layout_basic, uniq_robin
D:3:      layout_basic, hangedman_ru_absence
D:4:      layout_cave_pools, minmay_misc_feat_roman, uniq_natasha,
          uniq_blork_the_orc, uniq_duvessa

Skill      XL: |  1  2  3  4 |
---------------+-------------+-----
Dodging        | 1 |  1.8
Fighting       | 6 |  6.6
Spellcasting   | 1 |  1.2
Maces & Flails | |  3.7
Throwing       | |  1.0
Evocations     | |  1.0

Action                   |  1- 3 |  4- 6 || total
-------------------------+-------+-------++-------
Melee: Mace              |   101 |    81 ||   182
       Tailslap          |     5 |     3 ||     8
Throw: Stone             |    21 |       ||    21
       Dart              |       |     3 ||     3
  Use: Potion            |     1 |     4 ||     5
       Scroll            |       |     5 ||     5
 Stab: Invisible         |     1 |       ||     1
       Sleeping          |       |     1 ||     1
  Eat: Chunk             |       |     4 ||     4
Armor: Skin              |    26 |    20 ||    46
Dodge: Dodged            |    75 |    80 ||   155
